 Dungeon Crawl Stone Soup version 0.30-a0-867-g305f33218d (webtiles) character file.

Game seed: 6064577216864408051

163 Drevant2 the Cudgeller (level 5, 0/35 HPs)
             Began as a Demonspawn Wanderer on Mar 10, 2023.
             Was an Initiate of Gozag.
             Slain by a river rat (9 damage)
             ... in a sewer.
             The game lasted 00:06:58 (2507 turns).

Drevant2 the Cudgeller (Demonspawn Wanderer)        Turns: 2507, Time: 00:06:58

Health: 0/35       AC:  2    Str: 12    XL:     5   Next: 20%
Magic:  8/8        EV: 13    Int: 13    God:    Gozag
Gold:   246        SH:  0    Dex: 15    Spells: 5/8 levels left

rFire   . . .      SeeInvis .    l - +0 flail
rCold   . . .      Faith    .    (no shield)
rNeg    . . .      Spirit   .    e - +0 robe
rPois   .          Reflect  .    (no helmet)
rElec   .          Rampage  .    (no cloak)
rCorr   .                        (no gloves)
Will    .....                    (no boots)
Stlth   +                        (no amulet)
HPRegen 0.25/turn                (no ring)
MPRegen 0.11/turn                (no ring)

@: mighty, brilliant, attractive
A: hooves 1, repulsion field 1, demonic guardian 1
a: Renounce Religion, Potion Petition, Call Merchant, Bribe Branch


You were in a sewer.
You worshipped Gozag.
Gozag was aware of your devotion.
You visited 1 branch of the dungeon, and saw 3 of its levels.
You also visited: Sewer.

You collected 281 gold pieces.
You paid 35 gold pieces to Gozag.

Inventory:

Hand Weapons
 a - a +0 mace
 c - a +0 dagger
 l - a +0 flail (weapon)
Missiles
 b - 8 poisoned darts (quivered)
 p - 4 boomerangs
Armour
 e - a +0 robe (worn)
Scrolls
 d - a scroll of fog
 f - 4 scrolls of identify {unknown}
 i - 2 scrolls of teleportation {unknown}
 m - a scroll of brand weapon {unknown}
 n - a scroll of enchant armour {unknown}
Potions
 j - 5 potions of flight


   Skills:
 + Level 3.8 Maces & Flails
 - Level 1.7 Throwing
 - Level 2.0 Spellcasting
 * Level 3.5 Conjurations
 - Level 3.0 Translocations


You had 5 spell levels left.
You knew the following spells:

 Your Spells              Type           Power      Damage    Failure   Level
a - Apportation           Tloc           26%        N/A       8%          1
b - Momentum Strike       Conj/Tloc      28%        3d8       10%         2

Your spell library contained the following spells:

 Spells                   Type           Power      Damage    Failure   Level
 Passage of Golubria      Tloc           13%        N/A       58%         4


Dungeon Overview and Level Annotations

Branches:
Dungeon (3/15)              Sewer (1/1)

Altars:
Gozag
Uskayaw


Innate Abilities, Weirdness & Mutations

You have large cloven feet.
You are surrounded by a mild repulsion field. (EV +2)
A weak demonic guardian rushes to your aid.


Message History

You now have 207 gold pieces (gained 10).
You now have 220 gold pieces (gained 13).
You now have 231 gold pieces (gained 11).
You now have 246 gold pieces (gained 15).
There is a large open door here.
You open the large door. 3 river rats come into view.
The river rat twitches its whiskers.
The river rat barely misses you.
You enter the shallow water.
Moving in this stuff is going to be slow.
The river rat bites you.
You barely miss the river rat. You kick the river rat.
The river rat is lightly wounded.
The river rat barely misses you.
You hit the river rat but do no damage. Your kick misses the river rat.
The river rat is lightly wounded.
The river rat bites you. x2; The river rat bites you!
* * * LOW HITPOINT WARNING * * *
You are too injured to fight recklessly!
You are too injured to fight recklessly!
It was a potion of brilliance.
You feel clever all of a sudden. The river rat closely misses you.
The river rat barely misses you. x2
It was a potion of might.
You feel very mighty all of a sudden. The river rat closely misses you.
The river rat bites you!
* * * LOW HITPOINT WARNING * * *
A demonic guardian appears!
The river rat misses you.
It was a potion of magic.
Magic courses through your body. The river rat closely misses you.
The river rat misses you. The river rat bites you.
* * * LOW HITPOINT WARNING * * *
Your shadow imp gestures at the river rat.
The river rat writhes in agony!
It was a potion of attraction.
You feel attractive to monsters. The river rat bites you!
You die...
Your body crumbles into a pile of gold.

############################
≈≈≈≈≈≈≈~~~.~~.~..~~~~~~~~~.~
≈≈≈≈≈≈≈~≈≈≈≈≈≈≈≈≈≈≈≈≈≈≈≈≈≈≈≈
≈≈≈≈≈≈≈~≈~~..~.~~~~~~~~~~.~~
#######~≈~##################
#~≈~# ###### #.≈~# ....#
#~≈~#####''#####++
#~~~~@r...........
#.~~5rr~..........
#~≈~#####''#####++ #~≈~#
#....# #.≈~# ######
#~≈~##### #~≈~~~~~~
#.≈.≈≈≈≈≈ #~≈~~~~~~


You could see 3 river rats and a friendly shadow imp (summoned).

Vanquished Creatures
  3 gnolls (D:2)
  4 adders
  3 worms
  3 dart slugs
  6 ball pythons
  6 bats
  6 endoplasms
  7 giant cockroaches
  4 goblins
  5 hobgoblins
  2 jackals (Sewer)
  2 kobolds
  3 quokkas
  2 frilled lizards (D:2)
  A rat (D:3)
57 creatures vanquished.

Vanquished Creatures (collateral kills)
  2 adders (D:3)
  A quokka (D:3)
3 creatures vanquished.

Grand Total: 60 creatures vanquished

Notes
Turn   | Place    | Note
-------+----------+-------------------------------------------
     0 | D:1      | Drevant2 the Demonspawn Wanderer began the quest for the
                  | Orb.
     0 | D:1      | Drevant2 set off with the following items: a +0 mace, 14
                  | poisoned darts, a +0 dagger, a scroll of fog, a +0 robe;
                  | and the following spell memorised: Apportation; and the
                  | following spells available to memorise: Momentum Strike,
                  | Passage of Golubria.
     0 | D:1      | Reached XP level 1. HP: 13/13 MP: 3/3
   163 | D:1      | Gained mutation: You have large cloven feet. [demonic
                  | ancestry]
   163 | D:1      | Reached XP level 2. HP: 3/19 MP: 5/5
   391 | D:1      | Learned a level 2 spell: Momentum Strike
   799 | D:2      | Reached skill level 1 in Conjurations
   875 | D:2      | Gained mutation: A weak demonic guardian rushes to your
                  | aid. [demonic ancestry]
   875 | D:2      | Reached XP level 3. HP: 24/24 MP: 6/6
  1235 | D:2      | Reached XP level 4. HP: 29/30 MP: 7/7
  1243 | D:2      | HP: 1/30 [goblin/+0 club (3)]
  1758 | D:3      | Found a hide-covered altar of Uskayaw.
  1819 | D:3      | Found an opulent altar of Gozag.
  1872 | D:3      | Became a worshipper of Gozag Ym Sagoz the Greedy
  1882 | D:3      | Found a glowing drain.
  1933 | D:3      | HP: 1/30 [adder (1)]
  1961 | D:3      | Gained mutation: You are surrounded by a mild repulsion
                  | field. (EV +2) [demonic ancestry]
  1961 | D:3      | Reached XP level 5. HP: 9/35 MP: 8/8
  2039 | Sewer    | Entered a sewer
  2507 | Sewer    | Slain by a river rat

Illustrated notes

Levels and vault maps discovered:
D:1:      psy_arrival_conway, layout_rooms
D:2:      layout_loops_corners, nicolae_eternal_life,
          minmay_misc_feat_nine_boxes
D:3:      layout_rooms, nicolae_uskayaw_murder_on_the_dancefloor,
          mainiacjoe_overflow_alcove_1, gup_sewer_entry_glass,
          grunt_ministairs_12, minmay_misc_feat_tiny
Sewer:    sewer_fruit_machine

Skill      XL: |  1  2  3  4 |
---------------+-------------+-----
Maces & Flails | 3 |  3.8
Translocations | 3 |  3.0
Conjurations   | 1 2 3 |  3.5
Throwing       | |  1.7
Spellcasting   | |  2.0

Action                     |  1- 3 |  4- 6 || total
---------------------------+-------+-------++-------
  Melee: Mace              |    41 |       ||    41
         Kick              |     6 |    33 ||    39
         Flail             |    10 |   128 ||   138
         Punch             |       |     1 ||     1
  Throw: Dart              |     7 |    25 ||    32
    Use: Potion            |       |     7 ||     7
   Stab: Sleeping          |       |     1 ||     1
 Armour: Robe              |     7 |    42 ||    49
  Dodge: Dodged            |    34 |   155 ||   189

Table legend: (Time is in decaauts)
 A = Elapsed time spent in this place.
 B = Non-inter-level travel time spent in this place.
 C = Inter-level travel time spent in this place.
 D = Time resting spent in this place.
 E = Time spent auto-exploring this place.
 F = Levels seen in this place.
 G = Mean time per level.
                   A        B        C        D        E       F      G
               +--------+--------+--------+--------+--------+-----+--------+
         Total |   2629 |   2493 |    136 |    460 |   1185 |   4 |  657.2 |
       Dungeon |   2068 |   1932 |    136 |    314 |   1185 |   3 |  689.3 |
         Sewer |    560 |    560 |      0 |    146 |      0 |   1 |  560.0 |
               +--------+--------+--------+--------+--------+-----+--------+

Top non-repeatable levels by time:
     D:2: 1072 daAuts
     D:1: 690 daAuts
   Sewer: 560 daAuts
     D:3: 306 daAuts
